 Dungeon Crawl Stone Soup version 0.29.1-15-g9cfb28693d (webtiles) character file.

Game seed: 3397611295964457559

2445 BuddhaDhamma the Severer (level 9, 0/70 HPs)
             Began as a Minotaur Berserker on Mar 4, 2023.
             Was a High Priest of Trog.
             Slain by a gnoll sergeant
             ... wielding a +0 trident
              (6 damage)
             ... on level 7 of the Dungeon.
             The game lasted 00:12:35 (8296 turns).

BuddhaDhamma the Severer (Minotaur Berserker)       Turns: 8296, Time: 00:12:36

Health: 0/70       AC: 12    Str: 25    XL:     9   Next: 25%
Magic:  8/8        EV:  4    Int:  4    God:    Trog [*****.]
Gold:   437        SH:  0    Dex: 11    Spells: 8/8 levels left

rFire   + . .      SeeInvis .   a - +1 hand axe
rCold   + . .      Faith    .   (no shield)
rNeg    . . .      Spirit   .   s - +1 plate armour
rPois   .          Reflect  .   (helmet restricted)
rElec   .          Harm     .   h - scarf {rC+ rF+}
rCorr   .          Rampage  .   (no gloves)
Will    .....                   (no boots)
Stlth   ..........              (no amulet)
HPRegen 0.21/turn               (no ring)
MPRegen 0.11/turn               (no ring)

@: on berserk cooldown, held, slowed, very slow
A: horns 2, retaliatory headbutt
a: Renounce Religion, Berserk, Trog's Hand, Brothers in Arms


You were on level 7 of the Dungeon.
You worshipped Trog.
Trog was extremely pleased with you.
You visited 1 branch of the dungeon, and saw 7 of its levels.

You collected 437 gold pieces.

Inventory:

Hand Weapons
 a - a +1 hand axe (weapon)
Missiles
 n - 20 poisoned darts (quivered)
Armour
 h - a scarf of resistance (worn)
 s - a +1 plate armour (worn)
Scrolls
 b - a scroll of enchant armour
 d - a scroll of noise
 j - 2 scrolls of blinking
 k - a scroll of silence
 p - 4 scrolls of enchant weapon
Potions
 c - 3 potions of curing
 e - a potion of flight
 f - a potion of magic
 i - a potion of berserk rage {unknown}
 l - a potion of invisibility {unknown}
 q - 2 potions of attraction
 r - a potion of ambrosia {unknown}


   Skills:
 - Level 3.6 Fighting
 + Level 15.0 Axes
 - Level 2.4 Armour
 - Level 2.1 Dodging


You had 8 spell levels left.
You didn't know any spells.
Your spell library was empty.

Dungeon Overview and Level Annotations

Branches:
Dungeon (7/15)             Temple (0/1) D:5

Altars:
Dithmenos
Makhleb
Ru
Sif Muna
Uskayaw
The Shining One


Innate Abilities, Weirdness & Mutations

You have a pair of horns on your head.
You reflexively headbutt those who attack you in melee.


Message History

The gnoll sergeant hits you with a +0 trident.
You hit the gnoll sergeant.
The gnoll sergeant is moderately wounded.
The gnoll sergeant hits you with a +0 trident.
* * * LOW HITPOINT WARNING * * *
The gnoll hits you from afar with a +0 spear.
* * * LOW HITPOINT WARNING * * *
You hit the gnoll sergeant but do no damage.
The gnoll sergeant is moderately wounded.
The gnoll closely misses you. The gnoll sergeant barely misses you.
You hit the gnoll sergeant.
The gnoll sergeant is heavily wounded.
The gnoll sergeant hits you but does no damage.
The gnoll hits you but does no damage.
You hit the gnoll sergeant.
The gnoll sergeant is heavily wounded.
You hit the gnoll sergeant.
The gnoll sergeant is almost dead.
The gnoll hits you but does no damage.
The gnoll sergeant hits you but does no damage.
A gnoll comes into view. It is wielding a +0 spear.
You closely miss the gnoll sergeant.
The gnoll sergeant is almost dead.
The gnoll shouts!
The gnoll barely misses you.
The gnoll sergeant hits you with a +0 trident!
* * * LOW HITPOINT WARNING * * *
You hit the gnoll sergeant but do no damage.
The gnoll sergeant is almost dead.
The gnoll hits you from afar with a +0 spear.
* * * LOW HITPOINT WARNING * * *
The gnoll sergeant hits you but does no damage.
The gnoll throws a throwing net.
The throwing net hits you.
You become entangled in the net!
You struggle against the net.
The gnoll completely misses you.
The gnoll sergeant hits you but does no damage. x2
The gnoll hits you but does no damage.
You struggle against the net.
The gnoll hits you but does no damage.
The gnoll sergeant hits you with a +0 trident.
You die...

#. ###......#
#.####.........
.............
..........##
#.........
#..g....
#.#g#'# #.<.).#
##.@##....#
#.g.'.g.....
#...#.......
<##.#####... ##
.# .. +# .


You could see a gnoll sergeant and 3 gnolls.

Vanquished Creatures
  Eustachio (D:5)
  2 water moccasins (D:6)
  An ice beast (D:5)
  3 black bears
  2 ogres
  2 centaurs
  2 phantoms
  A kobold brigand (D:6)
  A scorpion (D:6)
  3 wights (D:6)
  5 hounds
  4 orc priests
  A gnoll bouda (D:7)
  5 iguanas
  5 orc wizards
  10 gnolls
  18 adders
  5 worms
  4 dart slugs
  25 orcs
  14 endoplasms
  7 giant cockroaches
  10 hobgoblins
  4 jackals (D:1)
  3 quokkas
  13 ball pythons
  5 bats
  4 frilled lizards
  11 goblins
  12 kobolds
  7 rats
190 creatures vanquished.

Notes
Turn   | Place    | Note
-------+----------+-------------------------------------------
     0 | D:1      | BuddhaDhamma the Minotaur Berserker began the quest for the
                  | Orb.
     0 | D:1      | Reached XP level 1. HP: 19/19 MP: 0/0
   116 | D:1      | Reached skill level 4 in Axes
   240 | D:1      | Reached XP level 2. HP: 22/26 MP: 1/1
   625 | D:1      | Reached skill level 5 in Axes
   634 | D:1      | Reached XP level 3. HP: 25/31 MP: 2/2
   859 | D:1      | Reached ** piety under Trog
  1618 | D:2      | Reached skill level 6 in Axes
  1618 | D:2      | Reached XP level 4. HP: 39/39 MP: 3/3
  2128 | D:2      | Identified the +5 dagger "Teimuuvo" {antimagic, Int+2
                  | Stlth+}
  2138 | D:2      | Found a faded altar of an unknown god.
  2314 | D:3      | Reached *** piety under Trog
  2351 | D:3      | Reached skill level 7 in Axes
  2351 | D:3      | Reached XP level 5. HP: 10/45 MP: 4/4
  2739 | D:3      | Noticed a centaur
  2750 | D:3      | Killed a centaur
  2751 | D:3      | Reached skill level 8 in Axes
  3070 | D:3      | Reached XP level 6. HP: 25/51 MP: 5/5
  3936 | D:4      | Reached **** piety under Trog
  3937 | D:4      | Reached skill level 9 in Axes
  4494 | D:4      | Reached XP level 7. HP: 51/57 MP: 6/6
  4566 | D:4      | Identified the +9 dagger of the Valley {antimagic, rCorr
                  | Int-3 Dex+4}
  4589 | D:4      | Reached skill level 10 in Axes
  5200 | D:5      | Entered Level 5 of the Dungeon
  5339 | D:5      | Reached skill level 11 in Axes
  5559 | D:5      | Found a staircase to the Ecumenical Temple.
  5603 | D:5      | Reached XP level 8. HP: 62/64 MP: 7/7
  5613 | D:5      | Found a glowing golden altar of the Shining One.
  5616 | D:5      | Found a shimmering blue altar of Sif Muna.
  5650 | D:5      | Found a sacrificial altar of Ru.
  5667 | D:5      | Found a hide-covered altar of Uskayaw.
  5667 | D:5      | Noticed a +0 dagger
  5667 | D:5      | Noticed a +0 hand axe
  5881 | D:5      | Noticed Eustachio
  5896 | D:5      | Reached skill level 12 in Axes
  5901 | D:5      | Killed Eustachio
  6250 | D:5      | Found a burning altar of Makhleb.
  6359 | D:6      | Reached skill level 13 in Axes
  6823 | D:6      | Found a shadowy altar of Dithmenos.
  6914 | D:6      | Reached ***** piety under Trog
  7046 | D:6      | Reached skill level 14 in Axes
  7207 | D:6      | Reached XP level 9. HP: 62/70 MP: 8/8
  8278 | D:7      | Reached skill level 15 in Axes
  8296 | D:7      | Slain by a gnoll sergeant

Illustrated notes

Levels and vault maps discovered:
D:1:      eino_arrival_cavern_e, layout_basic
D:2:      kennysheep_six_static_rooms, layout_loops_cross,
          hellmonk_ecumenical_altar_inner_sanctum
D:3:      layout_basic, chequers_serial_rivers_room_a,
          chequers_serial_rivers_room_b
D:4:      minmay_opposing_rooms, layout_basic, hex_large, minmay_bent
D:5:      layout_basic, lemuel_crystal_altar, dancing_weapons_uskayaw,
          kennysheep_mini_moat, nicolae_overflow_squiral,
          minmay_temple_entry_wispy, uniq_eustachio
D:6:      layout_cave_pools, grunt_dithmenos_shadows, grunt_ministairs_6
D:7:      layout_basic, fedhas_ov_isle_minmay, minmay_misc_feat_x,
          minmay_misc_feat_roman, sigmund_edmund_badplayer

Skill      XL: |  1  2  3  4  5  6  7  8  9 |
---------------+----------------------------+-----
Axes           | 4 5 6 7 8 9 11 14 15 | 15.0
Fighting       | |  3.6
Armour         | |  2.4
Dodging        | |  2.1

Action                   |  1- 3 |  4- 6 |  7- 9 || total
-------------------------+-------+-------+-------++-------
Melee: Hand axe          |    78 |   189 |   279 ||   546
       Headbutt          |    11 |    29 |    49 ||    89
       Punch             |     1 |     1 |     2 ||     4
Throw: Dart              |       |     4 |     4 ||     8
Invok: Berserk           |       |     2 |     2 ||     4
  Use: Scroll            |       |       |    12 ||    12
       Potion            |       |       |     3 ||     3
Armor: Animal skin       |    14 |       |       ||    14
       Ring mail         |       |    30 |       ||    30
       Leather armour    |       |     1 |       ||     1
       Scale mail        |       |    39 |       ||    39
       Plate armour      |       |       |   193 ||   193
Dodge: Dodged            |    50 |    77 |   104 ||   231
